 Dungeon Crawl Stone Soup version 0.29-a0-492-g10b964d8d7 (webtiles) character file.

Game seed: 12599736855764183615

79 KateP the Covered (level 4, 0/41 HPs)
             Began as a Minotaur Fighter on May 27, 2022.
             Killed from afar by Sigmund (1 damage)
             ... with a puff of flame
             ... on level 2 of the Dungeon.
             The game lasted 00:01:33 (1532 turns).

KateP the Covered (Minotaur Fighter)                Turns: 1532, Time: 00:01:35

Health: 0/41       AC:  7    Str: 23    XL:     4   Next: 17%
Magic:  3/3        EV:  9    Int:  5    God:
Gold:   106        SH:  4    Dex:  9    Spells: 3/3 levels left

rFire   . . .      SeeInvis .   a - +0 war axe
rCold   . . .      Faith    .   c - +0 buckler
rNeg    . . .      Spirit   .   b - +0 scale mail
rPois   +          Reflect  .   (helmet restricted)
rElec   .          Harm     .   (no cloak)
rCorr   .          Rampage  .   (no gloves)
Will    .....                   (no boots)
Stlth   ..........              (no amulet)
HPRegen 0.13/turn               (no ring)
MPRegen 0.08/turn               (no ring)

@: lethally poisoned (0 -> -13), attractive
A: horns 2, retaliatory headbutt, poison resistance
a: no special abilities


You were on level 2 of the Dungeon.
You visited 1 branch of the dungeon, and saw 2 of its levels.

You collected 106 gold pieces.

Inventory:

Hand Weapons
 a - a +0 war axe (weapon)
Armour
 b - a +0 scale mail (worn)
 c - a +0 buckler (worn)
Jewellery
 h - an amulet of reflection
Scrolls
 e - a scroll of summoning {unknown}
 g - a scroll of teleportation {unknown}
 k - 3 scrolls of noise {unknown}
 l - a scroll of fear {unknown}
 m - a scroll of enchant weapon {unknown}
 o - a scroll of brand weapon {unknown}
Potions
 d - a potion of might
 f - 2 potions of haste {unknown}
 j - a potion of attraction
 n - a potion of mutation


   Skills:
 + Level 4.3 Fighting
 * Level 4.2 Axes
 + Level 4.4 Armour
 - Level 3.6 Shields


You had 3 spell levels left.
You didn't know any spells.
Your spell library was empty.

Dungeon Overview and Level Annotations

Branches:
Dungeon (2/15)

Altars:

Annotations:
D:2 Sigmund


Innate Abilities, Weirdness & Mutations

You have a pair of horns on your head.
You reflexively headbutt those who attack you in melee.
Your system is resistant to poisons. (rPois)


Message History

You are more poisoned.
You feel much better.
You feel very sick.
You hit something.
You feel very sick. You block something's attack.
You hit something but do no damage.
* * * LOW HITPOINT WARNING * * *
You feel very sick. Something hits you but does no damage.
You are lethally poisoned!
You barely miss something.
* * * LOW HITPOINT WARNING * * *
You feel very sick. Something hits you.
* * * LOW HITPOINT WARNING * * *
You feel much better.
You feel very sick.
It was a potion of attraction.
You feel attractive to monsters.
You feel sick.
You hear some strange, mumbled words.
A magic dart appears from out of thin air!
The magic dart hits you.
It was a potion of mutation.
You feel extremely strange.
You feel resistant to poisons.
You feel clever.
You feel stupid.
You feel sick.
You hear some strange, mumbled words.
Something tries to affect you, but you resist.
You closely miss something. You headbutt something.
You feel sick. Something hits you!
* * * LOW HITPOINT WARNING * * *
You are lethally poisoned!
You barely miss something.
* * * LOW HITPOINT WARNING * * *
You feel very sick.
You hear some strange, mumbled words.
A puff of flame appears from out of thin air!
The puff of flame hits you.
You die...

#......#.#
#......♣#.#
#.......##.#
.......##..#
......###.##
....# #..#
### ...#
#.## ..##
#{# .#.###
### ##@#
.#.#.#
#.######..#
.#.#.#
#........##
.#.#.#
#.########
.#...# #.#
.#..## #.#
.#..# #.#
.#<.####.#
.........#


There were no monsters in sight!

Vanquished Creatures
  3 adders (D:2)
  5 dart slugs
  2 bats
  3 endoplasms
  2 giant cockroaches (D:2)
  A hobgoblin (D:2)
  3 jackals (D:2)
  3 kobolds
  2 quokkas
  3 ball pythons
  2 frilled lizards (D:2)
  6 goblins
  7 rats
42 creatures vanquished.

Notes
Turn   | Place    | Note
-------+----------+-------------------------------------------
     0 | D:1      | KateP the Minotaur Fighter began the quest for the Orb.
     0 | D:1      | Reached XP level 1. HP: 19/19 MP: 0/0
   107 | D:1      | Reached XP level 2. HP: 26/27 MP: 1/1
   544 | D:1      | Found a faded altar of an unknown god.
   803 | D:2      | Reached XP level 3. HP: 30/33 MP: 2/2
  1265 | D:2      | Reached XP level 4. HP: 29/40 MP: 3/3
  1489 | D:2      | Noticed Sigmund
  1523 | D:2      | HP: 2/41 [something (10)]
  1530 | D:2      | Gained mutation: Your system is resistant to poisons.
                  | (rPois) [potion of mutation]
  1530 | D:2      | Gained mutation: Your mind is acute. (Int +2) [potion of
                  | mutation]
  1530 | D:2      | Lost mutation: Your mind is acute. (Int +2) [potion of
                  | mutation]
  1532 | D:2      | HP: 1/41 [poisoned by Sigmund]
  1532 | D:2      | Killed from afar by Sigmund

Illustrated notes

Levels and vault maps discovered:
D:1:      co_arrival_square_in_a_square_in_a_square, layout_basic,
          hellmonk_ecumenical_altar_inner_sanctum
D:2:      minmay_alternating_diamond, layout_loops_ring, kennysheep_donut,
          minmay_quantized, uniq_sigmund

Skill      XL: |  1  2  3 |
---------------+----------+-----
Axes           | 3 4 |  4.2
Armour         | 4 |  4.4
Fighting       | 4 |  4.3
Shields        | |  3.6

Action                   |  1- 3 |  4- 6 || total
-------------------------+-------+-------++-------
Melee: War axe           |    76 |    19 ||    95
       Headbutt          |     8 |     3 ||    11
  Use: Potion            |       |     5 ||     5
Armor: Scale mail        |    37 |    13 ||    50
Dodge: Dodged            |    35 |    22 ||    57
Block: Buckler           |    18 |     2 ||    20

Table legend: (Time is in decaauts)
 A = Elapsed time spent in this place.
 B = Non-inter-level travel time spent in this place.
 C = Inter-level travel time spent in this place.
 D = Time resting spent in this place.
 E = Time spent auto-exploring this place.
 F = Levels seen in this place.
 G = Mean time per level.
                   A        B        C        D        E       F      G
               +--------+--------+--------+--------+--------+-----+--------+
         Total |   1565 |   1565 |      0 |      0 |   1286 |   2 |  782.5 |
       Dungeon |   1565 |   1565 |      0 |      0 |   1286 |   2 |  782.5 |
               +--------+--------+--------+--------+--------+-----+--------+

Top non-repeatable levels by time:
     D:2: 888 daAuts
     D:1: 677 daAuts
